 Dungeon Crawl Stone Soup version 0.24.0-13-gcf9b3192b9 (webtiles) character file.

Game seed: 1280108621848102317, levelgen mode: deterministic

94 Delamore the Chopper (level 4, 0/39 HPs)
             Began as a Hill Orc Monk on Nov 8, 2019.
             Slain by a gnoll
             ... wielding a +0 club
              (7 damage)
             ... on level 2 of the Dungeon.
             The game lasted 00:02:28 (1599 turns).

Delamore the Chopper (Hill Orc Monk)                Turns: 1599, Time: 00:02:29

Health: 0/39       AC:  8    Str: 14    XL:     4   Next: 63%
Magic:  4/4        EV: 10    Int: 15    God:
Gold:   76         SH:  0    Dex: 13    Spells: 3/3 levels left

rFire    + + .     SeeInvis .   a - +0 hand axe
rCold    . . .     Gourm    .   (no shield)
rNeg     . . .     Faith    .   g - +2 scale mail {rF+}
rPois    .         Spirit   .   (no helmet)
rElec    .         Reflect  .   (no cloak)
rCorr    .         Harm     .   (no gloves)
MR       .....                  (no boots)
Stlth    ..........             (no amulet)
HPRegen  0.13/turn              j - ring of protection from fire
MPRegen  0.09/turn              (no ring)

@: brilliant, very slightly contaminated, invisible
A: no striking features
a: no special abilities


You were on level 2 of the Dungeon.
You were not hungry.

You visited 1 branch of the dungeon, and saw 3 of its levels.

You collected 76 gold pieces.

Inventory:

Hand Weapons
 a - a +0 hand axe (weapon)
Missiles
 d - 5 javelins (quivered)
Armour
 g - a +2 scale mail of fire resistance (worn)
Jewellery
 j - a ring of protection from fire (left hand)
Scrolls
 h - 3 scrolls of teleportation {unknown}
 k - a scroll of blinking {unknown}
 l - a scroll of identify {unknown}
Potions
 e - 3 potions of curing
Comestibles
 b - 2 chunks of flesh
 c - 6 rations


   Skills:
 - Level 3.6 Fighting
 + Level 7.0 Axes
 - Level 2.4 Dodging
 - Level 1.5 Stealth


You had 3 spell levels left.
You didn't know any spells.
Your spell library was empty.

Dungeon Overview and Level Annotations

Branches:
Dungeon (3/15)

Altars:


Message History

You are too injured to fight recklessly!
You are too injured to fight recklessly!
You hit the gnoll.
The gnoll is heavily wounded.
You hit the worm.
You catch the helpless gnoll completely off-guard!
You hit the gnoll. The gnoll hits you with a +0 club.
The gnoll closely misses you. The worm closely misses you.
You catch the helpless gnoll completely off-guard!
You hit the gnoll.
The gnoll is almost dead.
You hit the gnoll.
You catch the helpless worm completely off-guard!
You hit the worm.
You kill the worm!
Your Axes skill increases to level 7!
The gnoll hits you with a +0 club!
* * * LOW HITPOINT WARNING * * *
The gnoll hits you with a +0 club!
You die...

#.########......# #.# ######.#
#.# #.# #.# ####.#
###.##########....#
###..............####
......#########..# .....## #.†#
###..# #.@# #..# #gg#
##..##########..########
#......................#
#...##########..######.# #...#
#..# ###.#########
#...##########..####............
#......................########.
#..###########..####.#.#########


You could see 2 gnolls.

Vanquished Creatures
  2 adders (D:2)
  A gnoll (D:2)
  2 oozes
  3 worms (D:2)
  4 dart slugs (D:2)
  A leopard gecko (D:2)
  6 goblins
  4 hobgoblins
  5 jackals (D:2)
  3 kobolds
  2 quokkas (D:2)
  6 bats
  2 rats
41 creatures vanquished.

Notes
Turn   | Place    | Note
-------+----------+-------------------------------------------
     0 | D:1      | Delamore the Hill Orc Monk began the quest for the Orb.
     0 | D:1      | Reached XP level 1. HP: 19/19 MP: 1/1
   201 | D:1      | Reached XP level 2. HP: 22/26 MP: 2/2
   408 | D:1      | Reached skill level 5 in Axes
   735 | D:2      | Reached XP level 3. HP: 14/31 MP: 3/3
  1159 | D:2      | Reached skill level 6 in Axes
  1211 | D:2      | Reached XP level 4. HP: 26/39 MP: 4/4
  1599 | D:2      | Reached skill level 7 in Axes
  1599 | D:2      | Slain by a gnoll

Levels and vault maps discovered:
D:1:      nicolae_arrival_memento_mori, layout_basic
D:2:      layout_loops_ring
D:3:      layout_basic, nicolae_overflow_crystal_walls

Skill      XL: |  1  2  3  4 |
---------------+-------------+-----
Axes           | 5 6 7 |  7.0
Fighting       | |  3.6
Dodging        | |  2.4
Stealth        | |  1.5

Action                   |  1- 3 |  4- 6 || total
-------------------------+-------+-------++-------
Melee: Hand axe          |    98 |    44 ||   142
  Use: Potion            |       |     3 ||     3
 Stab: Sleeping          |     3 |       ||     3
       Invisible         |       |     7 ||     7
  Eat: Chunk             |     1 |     1 ||     2
Armor: Robe              |    21 |       ||    21
       Scale mail        |     8 |    18 ||    26
Dodge: Dodged            |    72 |    54 ||   126
